[Event "Titled Tuesday Blitz February 21 Early 2023"]
[White "Wahedi, Ahmad Siar"]
[Black "Yurovskykh, Oleksandr"]
[WhiteFideId "4651260"]
[BlackFideId "14134020"]
[WhiteElo "2274"]
[BlackElo "2328"]
[Result "1-0"]
[Round "05"]
[TimeControl "180+2"]
[Date "2023.02.21"]
[WhiteClock "0:00:39"]
[BlackClock "0:00:01"]

1. e4 d5 2. exd5 Qxd5 3. Nc3 Qd8 4. d4 Nf6 5. Bc4 a6 6. Nf3 b5 7. Bb3 c5 8. dxc5 Qxd1+ 9. Nxd1 e6 10. a4 b4 11. Be3 Bb7 12. O-O Nbd7 13. a5 Bxc5 14. Ba4 Ke7 15. Bg5 h6 16. Bh4 Bxf3 17. gxf3 Rac8 18. c3 Ne5 19. Kg2 g5 20. Bg3 Nd3 21. Bc2 Nf4+ 22. Kh1 Rhd8 23. Ne3 Rd2 24. Ba4 Rcd8 25. Nc4 R2d5 26. Rad1 Rxd1 27. Rxd1 Rxd1+ 28. Bxd1 bxc3 29. bxc3 N6d5 30. Bxf4 gxf4 31. Ne5 Nxc3 32. Bc2 Bxf2 33. Bd3 Nb5 34. Nc6+ Kd6 35. Nb4 Nc7 36. Nxa6 Nxa6 37. Bxa6 Be1 38. Kg2 Ke5 39. Bb5 Bxa5 40. Kf1 Kf6 41. Ke2 Kg5 42. Be8 f6 43. Bd7 e5 44. h3 Bb6 45. Kf1 Kg6 46. Kg2 Kg5 47. Be6 Kg6 48. Bd7 Kf7 49. Bf5 Ke7 50. h4 Kd6 51. h5 Kc5 52. Kh3 Kd4 53. Kg4 Ke3 54. Be4 Bd8 55. Kf5 Ke2 56. Kg6 Kf2 57. Kxh6 f5 58. Bd5 Ke3 59. Kg6 e4 60. h6 Bb6 61. Kxf5 exf3 62. Kg4 1-0


[Site "https://www.chess.com"]

[Event "Titled Tuesday Blitz February 21 Early 2023"]
[White "QuiesPrecatio"]
[Black "Danielyan, Vahe"]
[BlackFideId "13304828"]
[WhiteElo "2417"]
[BlackElo "2346"]
[Result "0-1"]
[Round "05"]
[TimeControl "180+2"]
[Date "2023.02.21"]
[WhiteClock "0:00:09"]
[BlackClock "0:00:33"]

1. e4 e6 2. d4 d5 3. Nd2 dxe4 4. Nxe4 Nf6 5. Bd3 Nbd7 6. Nf3 Nxe4 7. Bxe4 Nf6 8. Bd3 Bd6 9. h3 O-O 10. O-O b6 11. a4 Bb7 12. a5 c5 13. dxc5 Bxc5 14. Qe2 bxa5 15. Bd2 Bb6 16. Rfd1 Qc7 17. Bc3 Rad8 18. Bxf6 gxf6 19. Ra4 f5 20. Rh4 Qe7 21. Rh5 Qf6 22. Ne5 Rd5 23. Ng4 Qg7 24. Nh6+ Kh8 25. g3 Qxg3+ 26. Kf1 Qg6 27. Ng4 Qxh5 0-1


[Site "https://www.chess.com"]

[Event "Titled Tuesday Blitz February 21 Early 2023"]
[White "Manukyan, Sargis V."]
[Black "gshwbedhkhd"]
[WhiteFideId "13303465"]
[WhiteElo "2253"]
[BlackElo "2556"]
[Result "1-0"]
[Round "05"]
[TimeControl "180+2"]
[Date "2023.02.21"]
[WhiteClock "0:00:12"]
[BlackClock "0:00:02"]

1. Nf3 f5 2. d3 Nc6 3. g3 Nf6 4. Bg2 g6 5. O-O Bg7 6. Nc3 O-O 7. e4 d6 8. Re1 e5 9. Bg5 h6 10. Bxf6 Qxf6 11. Nd5 Qf7 12. c3 f4 13. b4 g5 14. Nd2 h5 15. f3 Be6 16. c4 Nd4 17. Nb3 Nxb3 18. axb3 c6 19. Nc3 g4 20. Rf1 Qg6 21. fxg4 hxg4 22. Rf2 Bh6 23. Qe1 Bg5 24. Raa2 Qh6 25. Nd1 Rf7 26. d4 f3 27. Bf1 exd4 28. e5 Be3 29. exd6 Rh7 30. h4 Re8 31. Bd3 Rd7 32. Kh2 Bxf2 33. Nxf2 Bf7 34. Qf1 Qe6 35. Ne4 Rxd6 36. Ng5 Qf6 37. Rf2 Re3 38. Qb1 Rd8 39. Bf5 Rde8 40. Bxg4 Re2 41. Rxe2 Rxe2+ 42. Kh3 Bg6 43. Qa1 Re3 44. Qxa7 f2 45. Qb8+ 1-0


[Site "https://www.chess.com"]

[Event "Titled Tuesday Blitz February 21 Early 2023"]
[White "Matko, Ognjen"]
[Black "Fiorito, Francisco"]
[WhiteFideId "14509717"]
[BlackFideId "180165"]
[WhiteElo "2295"]
[BlackElo "2305"]
[Result "1-0"]
[Round "05"]
[TimeControl "180+2"]
[Date "2023.02.21"]
[WhiteClock "0:00:20"]
[BlackClock "0:00:02"]

1. e4 c5 2. Nf3 Nc6 3. d4 cxd4 4. Nxd4 g6 5. c4 Nf6 6. Nc3 d6 7. Be2 Nxd4 8. Qxd4 Bg7 9. Bg5 h6 10. Be3 O-O 11. Qd2 Kh7 12. O-O-O Qa5 13. f3 Be6 14. Kb1 Rfc8 15. Nd5 Qxd2 16. Rxd2 Bxd5 17. cxd5 Nd7 18. Rc1 Rxc1+ 19. Kxc1 Rc8+ 20. Rc2 Rxc2+ 21. Kxc2 b6 22. Bb5 Ne5 23. h3 g5 24. b4 Kg8 25. a4 Ng6 26. a5 Nf4 27. axb6 axb6 28. Bxb6 Nxg2 29. Bf1 Ne1+ 30. Kb3 Nxf3 31. b5 Nd2+ 32. Kc2 Nxf1 33. Bf2 Ng3 34. b6 Nxe4 35. b7 Nxf2 36. b8=Q+ Kh7 37. Qc8 Kg6 38. Kd2 Ne4+ 39. Kd3 Nc5+ 40. Ke3 h5 41. Qe8 Bf6 42. Qg8+ Bg7 43. Qb8 h4 44. Qe8 Bf6 45. Kf3 Nd3 46. Qc8 Ne5+ 47. Ke4 Bg7 48. Qf5+ Kh6 49. Ke3 Bf6 50. Kf2 Kg7 51. Ke2 Ng6 52. Kd3 Nf4+ 53. Kc4 Ng2 54. Kb5 Ne3 55. Qe4 Nd1 56. Kc6 Nc3 57. Qf5 Ne2 58. Kd7 Nd4 59. Qe4 Nb5 60. Qb1 Nc3 61. Qd3 Na4 62. Ke8 Nc5 63. Qe3 Nb7 64. Qe2 Nc5 65. Qh5 Ne4 66. Qxf7+ Kh6 67. Kf8 Nc5 68. Kg8 Ne4 69. Qh7# 1-0


[Site "https://www.chess.com"]

[Event "Titled Tuesday Blitz February 21 Early 2023"]
[White "Ismagilov, Damir"]
[Black "Bas Mas, Jose Joaquin"]
[WhiteFideId "34199982"]
[BlackFideId "22219064"]
[WhiteElo "2156"]
[BlackElo "2197"]
[Result "1-0"]
[Round "05"]
[TimeControl "180+2"]
[Date "2023.02.21"]
[WhiteClock "0:01:57"]
[BlackClock "0:01:38"]

1. e4 e6 2. d4 d5 3. Nd2 Nf6 4. Bd3 Nc6 5. c3 Be7 6. Ngf3 O-O 7. O-O dxe4 8. Nxe4 b6 9. Nxf6+ Bxf6 10. Be4 Bb7 11. Qc2 g6 12. Bf4 Na5 13. Rad1 Rc8 14. b4 Bxe4 15. Qxe4 Nc4 16. Ne5 Bxe5 17. dxe5 1-0


[Site "https://www.chess.com"]

[Event "Titled Tuesday Blitz February 21 Early 2023"]
[White "Fisher_TheGalactic"]
[Black "Sargissyan, Sargis"]
[BlackFideId "13303210"]
[WhiteElo "2535"]
[BlackElo "2234"]
[Result "0-1"]
[Round "05"]
[TimeControl "180+2"]
[Date "2023.02.21"]
[WhiteClock "0:00:12"]
[BlackClock "0:01:01"]

1. Nf3 Nf6 2. c4 g6 3. Nc3 Bg7 4. e4 d6 5. d4 O-O 6. Be2 e5 7. O-O exd4 8. Nxd4 Re8 9. f3 c6 10. Be3 d5 11. Bg5 dxe4 12. Nxe4 h6 13. Bxf6 Bxf6 14. Nxf6+ Qxf6 15. Re1 Na6 16. Nb3 Qxb2 17. Bf1 Be6 18. Qd6 Rad8 19. Qf4 Kg7 20. Na5 Qb6+ 21. c5 Qxc5+ 22. Kh1 Qxa5 23. Re5 Qd2 24. Qa4 Qd4 25. Qxd4 Rxd4 26. Bxa6 bxa6 27. Rae1 Red8 28. Kg1 Rd1 29. Kf2 Rxe1 30. Kxe1 Bxa2 31. Ra5 Bc4 32. f4 Bb5 33. g3 c5 0-1


[Site "https://www.chess.com"]

[Event "Titled Tuesday Blitz February 21 Early 2023"]
[White "Dixit, Nikhil"]
[Black "UNSTOPPABLE_LEGEND"]
[WhiteFideId "5059534"]
[WhiteElo "2257"]
[BlackElo "2437"]
[Result "1-0"]
[Round "05"]
[TimeControl "180+2"]
[Date "2023.02.21"]
[WhiteClock "0:00:21"]
[BlackClock "0:00:05"]

1. e4 e6 2. Qe2 Nc6 3. Nf3 Nge7 4. d4 d5 5. e5 Nf5 6. c3 Be7 7. g4 Nh4 8. Nxh4 Bxh4 9. Nd2 O-O 10. Nf3 Be7 11. g5 f6 12. gxf6 gxf6 13. Bh6 Rf7 14. Bh3 Kh8 15. Rg1 fxe5 16. Nxe5 Nxe5 17. Qxe5+ Bf6 18. Qh5 Qe7 19. O-O-O Bd7 20. Rg2 Rg8 21. Rxg8+ Kxg8 22. Rg1+ Kh8 23. Qg4 Qe8 24. Qg3 e5 25. Bxd7 Rxd7 26. dxe5 Bxe5 27. Qg4 d4 28. c4 Qf7 29. Re1 Re7 30. Kb1 Qg6+ 31. Qxg6 hxg6 32. Bf4 Bd6 33. Rxe7 Bxe7 34. Bxc7 Bc5 35. Kc2 Kg7 36. Be5+ Kf7 37. Kd3 Ke6 38. Bxd4 Bd6 39. Bxa7 Bxh2 40. Be3 Kf5 41. Kd4 Be5+ 42. Kd5 Bxb2 43. c5 g5 44. a4 g4 45. Kd6 Ke4 46. Kc7 g3 47. fxg3 Kxe3 48. Kxb7 Be5 49. g4 Kf4 50. c6 Kxg4 51. a5 1-0


[Site "https://www.chess.com"]

[Event "Titled Tuesday Blitz February 21 Early 2023"]
[White "Martin Duque, Jesus"]
[Black "Andrews, Todd"]
[WhiteFideId "2208954"]
[BlackFideId "2012456"]
[WhiteElo "2386"]
[BlackElo "2220"]
[Result "1-0"]
[Round "05"]
[TimeControl "180+2"]
[Date "2023.02.21"]
[WhiteClock "0:01:34"]
[BlackClock "0:00:14"]

1. c4 e5 2. e3 Nf6 3. a3 d5 4. cxd5 Nxd5 5. Nc3 Nc6 6. Qc2 Be7 7. Nf3 O-O 8. Bb5 Nxc3 9. bxc3 Bd6 10. d4 exd4 11. cxd4 Ne7 12. Bb2 Bf5 13. Bd3 Bxd3 14. Qxd3 Re8 15. Rc1 Ng6 16. O-O Nh4 17. Nxh4 Qxh4 18. g3 Qh3 19. Qb5 b6 20. Qd3 Re6 21. e4 Rh6 22. Rfe1 Qxh2+ 23. Kf1 Rf6 24. Rc2 Bxg3 25. Qe3 Qh1+ 26. Ke2 Rxf2+ 27. Qxf2 Qxe4+ 28. Kd1 Qd3+ 29. Qd2 Qxd2+ 30. Kxd2 Bxe1+ 31. Kxe1 Re8+ 32. Kd2 h5 33. Rxc7 a5 34. Rc6 h4 35. Rxb6 g5 36. d5 h3 37. Rh6 g4 38. Rh8# 1-0


[Site "https://www.chess.com"]

[Event "Titled Tuesday Blitz February 21 Early 2023"]
[White "Vovk, Orest"]
[Black "Jovic, Stanoje"]
[WhiteFideId "14113490"]
[BlackFideId "905020"]
[WhiteElo "2315"]
[BlackElo "2075"]
[Result "1-0"]
[Round "05"]
[TimeControl "180+2"]
[Date "2023.02.21"]
[WhiteClock "0:00:07"]
[BlackClock "0:00:04"]

1. c4 e5 2. Nc3 Nf6 3. g3 c6 4. Bg2 d5 5. cxd5 cxd5 6. d4 exd4 7. Qxd4 Nc6 8. Qh4 d4 9. Ne4 Bb4+ 10. Bd2 Bxd2+ 11. Nxd2 d3 12. e3 O-O 13. Ngf3 Bg4 14. O-O Bxf3 15. Nxf3 Qb6 16. b3 Rfd8 17. Rad1 a5 18. Qc4 Qa6 19. Qxa6 Rxa6 20. Rd2 a4 21. Rfd1 axb3 22. axb3 Ne4 23. Rxd3 Rxd3 24. Rxd3 Ra1+ 25. Bf1 Ra2 26. Ne5 Nxf2 27. Rd7 g5 28. Nxf7 Na5 29. Nxg5 Ng4 30. b4 Nxe3 31. bxa5 Ra1 32. Rf7 h6 33. Rf3 Nxf1 34. Rxf1 Rxa5 35. Ne6 b5 36. Rb1 Ra6 37. Nd4 Rd6 38. Nxb5 Rb6 39. Nc3 Rc6 40. Ne2 Rc2 41. Kf2 Ra2 42. Rb7 Rc2 43. h4 Ra2 44. Kf3 Ra3+ 45. Kg4 Ra5 46. Nf4 Kh8 47. Rd7 Kg8 48. Rd5 Ra3 49. Nh5 Kh7 50. Rd7+ Kh8 51. Kf5 Ra6 52. Nf6 1-0


[Site "https://www.chess.com"]

[Event "Titled Tuesday Blitz February 21 Early 2023"]
[White "Melian, Juan Sebastian"]
[Black "Abdilkhair, Abilmansur"]
[WhiteFideId "3706575"]
[BlackFideId "13716417"]
[WhiteElo "2293"]
[BlackElo "2268"]
[Result "0-1"]
[Round "05"]
[TimeControl "180+2"]
[Date "2023.02.21"]
[WhiteClock "0:00:01"]
[BlackClock "0:00:17"]

1. d4 Nf6 2. c4 e6 3. Nc3 Bb4 4. Qc2 c5 5. dxc5 Na6 6. a3 Bxc5 7. Nf3 O-O 8. b4 Be7 9. Bf4 d6 10. e3 e5 11. Bg5 Be6 12. Rd1 Qc8 13. Bxf6 Bxf6 14. Nd5 Bxd5 15. Rxd5 Rd8 16. Bd3 Nc7 17. Bxh7+ Kh8 18. Bf5 Qb8 19. Rd2 a5 20. Kd1 axb4 21. a4 b5 22. cxb5 Nxb5 23. Ke2 Nc3+ 24. Kf1 Qb7 25. h4 Rxa4 26. Kg1 Ra2 27. Qd3 e4 28. Bxe4 Qxe4 0-1


[Site "https://www.chess.com"]

[Event "Titled Tuesday Blitz February 21 Early 2023"]
[White "Bilan, Danila"]
[Black "Valle Maytin, Luis Enrique"]
[WhiteFideId "24161918"]
[BlackFideId "3503666"]
[WhiteElo "2303"]
[BlackElo "2241"]
[Result "1-0"]
[Round "05"]
[TimeControl "180+2"]
[Date "2023.02.21"]
[WhiteClock "0:00:14"]
[BlackClock "0:00:10"]

1. d4 Nf6 2. Nf3 d5 3. c4 c6 4. Nc3 g6 5. cxd5 cxd5 6. Bg5 Bg7 7. e3 O-O 8. Bd3 Nc6 9. Rc1 Rb8 10. O-O Bg4 11. h3 Bxf3 12. Qxf3 e6 13. Na4 h6 14. Bh4 g5 15. Bg3 Rc8 16. Nc5 Qe7 17. a3 e5 18. Bf5 Rcd8 19. Rfd1 Ne8 20. Bb1 e4 21. Qe2 f5 22. Ba2 Nf6 23. b4 Kh7 24. b5 Nb8 25. Be5 b6 26. Bxb8 Rxb8 27. Na6 Rbc8 28. Qb2 Qd7 29. a4 Rxc1 30. Rxc1 Rc8 31. Rc3 Rxc3 32. Qxc3 f4 33. Qc7 Qxc7 34. Nxc7 fxe3 35. fxe3 Bf8 36. Bxd5 Bd6 37. Bxe4+ Nxe4 38. Ne8 Be7 39. Nc7 Bd6 40. Nd5 Nd2 41. Nc3 Nc4 42. Kf2 Bb4 43. Nd5 Bd6 44. Ke2 Kg6 45. Nc3 Na5 46. Kd3 Kf5 47. Nd5 Ke6 48. e4 Bg3 49. Ne3 Bf4 50. Nf5 h5 51. Ng7+ Kf6 52. Nxh5+ Kg6 53. g4 Bd6 54. e5 Bf8 55. d5 Nb7 56. Kd4 Bc5+ 57. Ke4 Be7 58. d6 Bf8 59. Kd5 Nc5 60. e6 Bxd6 61. Kxd6 Ne4+ 62. Kd7 Nc5+ 63. Ke7 Kh6 64. Ng3 Kg6 65. Nf5 Ne4 66. Kd8 Nf6 67. e7 Kf7 68. Nd6+ Ke6 69. e8=Q+ Nxe8 70. Nxe8 Kd5 71. Nc7+ Kc4 72. Ne6 Kb4 73. Nxg5 Kxa4 74. h4 Kxb5 75. h5 a5 76. h6 a4 77. h7 a3 78. h8=Q a2 79. Qa1 1-0


[Site "https://www.chess.com"]

[Event "Titled Tuesday Blitz February 21 Early 2023"]
[White "Devaev, Alexander"]
[Black "Martynov, Pavel"]
[WhiteFideId "4169395"]
[BlackFideId "4101260"]
[WhiteElo "2325"]
[BlackElo "2414"]
[Result "0-1"]
[Round "05"]
[TimeControl "180+2"]
[Date "2023.02.21"]
[WhiteClock "0:00:02"]
[BlackClock "0:00:02"]

1. d4 d5 2. c4 e6 3. Nc3 c5 4. cxd5 exd5 5. Nf3 Nc6 6. e3 Nf6 7. Bb5 Bd6 8. dxc5 Bxc5 9. O-O O-O 10. b3 Bg4 11. Bxc6 bxc6 12. Ne2 Qd6 13. Bb2 Rfe8 14. Qd3 Bb6 15. Ng3 Ne4 16. Rad1 Qh6 17. Rc1 Nxf2 18. Rxf2 Bxe3 19. Rf1 Bxf3 20. gxf3 Bxf2+ 21. Rxf2 Re1+ 22. Kg2 Rae8 23. Qa6 R8e7 24. Qc8+ Re8 25. Qg4 Qg6 26. Qd4 h5 27. h4 Rb1 28. Kh2 Ree1 29. Rg2 f6 30. Qxa7 Kh7 31. Qf2 Qd3 32. Qc2 Qxc2 33. Rxc2 Re3 34. Kg2 c5 35. Ba3 c4 0-1


[Site "https://www.chess.com"]

[Event "Titled Tuesday Blitz February 21 Early 2023"]
[White "Spitzl, Vinzent"]
[Black "Novikov, Evgenij"]
[WhiteFideId "12901253"]
[BlackFideId "4125380"]
[WhiteElo "2365"]
[BlackElo "2276"]
[Result "1-0"]
[Round "05"]
[TimeControl "180+2"]
[Date "2023.02.21"]
[WhiteClock "0:00:22"]
[BlackClock "0:00:39"]

1. e4 c5 2. Nf3 d6 3. d4 cxd4 4. Nxd4 Nf6 5. Nc3 g6 6. Be3 a6 7. f3 b5 8. a3 Bb7 9. Qd2 Nbd7 10. Be2 Rc8 11. O-O Ne5 12. Rad1 Nc4 13. Bxc4 Rxc4 14. Nde2 Qb8 15. Nf4 Bg7 16. b3 Rc7 17. Ncd5 Nxd5 18. Nxd5 Rd7 19. Bd4 O-O 20. Bxg7 Kxg7 21. Qd4+ Kg8 22. h4 Bxd5 23. exd5 Qa7 24. Rfe1 Rc8 25. Qxa7 Rxa7 26. Re2 Rac7 27. Rdd2 h5 28. Kf1 Kg7 29. Ke1 Kf6 30. Kd1 Rc3 31. Re4 R8c7 32. a4 R3c5 33. axb5 axb5 34. Re3 Ra7 35. Kc1 Ra1+ 36. Kb2 Rh1 37. Re4 1-0


[Site "https://www.chess.com"]

[Event "Titled Tuesday Blitz February 21 Early 2023"]
[White "WindWhistler11"]
[Black "Fernandez Garcia, Gumersindo"]
[BlackFideId "24516740"]
[WhiteElo "2536"]
[BlackElo "2160"]
[Result "1-0"]
[Round "05"]
[TimeControl "180+2"]
[Date "2023.02.21"]
[WhiteClock "0:00:53"]
[BlackClock "0:01:35"]

1. Nf3 Nf6 2. g3 d5 3. Bg2 h6 4. d3 Bf5 5. Nbd2 e6 6. c4 c6 7. O-O Be7 8. b3 O-O 9. Bb2 a5 10. a3 Nbd7 11. Re1 Re8 12. Nh4 Bh7 13. Qc2 Rc8 14. Rad1 e5 15. e4 dxc4 16. dxc4 Qc7 17. Nf1 Nc5 18. Nf5 Bf8 19. Bc3 a4 20. b4 Nb3 21. Qb2 b5 22. c5 Rcd8 23. Rxd8 Qxd8 24. Bxe5 Ng4 25. Bxg7 Bxf5 26. Bxf8 Kxf8 27. Qh8+ Ke7 28. exf5+ Kd7 29. Rxe8 Qxe8 30. Bxc6+ 1-0


[Site "https://www.chess.com"]

[Event "Titled Tuesday Blitz February 21 Early 2023"]
[White "Miszler, Levente"]
[Black "Toncheva, Nadya"]
[WhiteFideId "763276"]
[BlackFideId "2924056"]
[WhiteElo "2271"]
[BlackElo "2295"]
[Result "0-1"]
[Round "05"]
[TimeControl "180+2"]
[Date "2023.02.21"]
[WhiteClock "0:00:10"]
[BlackClock "0:00:10"]

1. Nf3 c5 2. c4 g6 3. Nc3 Bg7 4. g3 e6 5. Bg2 Ne7 6. h4 h6 7. d4 cxd4 8. Nb5 d5 9. Bf4 Na6 10. Nd6+ Kf8 11. Ne5 Bxe5 12. Bxe5 Rh7 13. Qxd4 Nc6 14. Qf4 Nxe5 15. Qxe5 Qa5+ 16. Kf1 Qc7 17. cxd5 Bd7 18. dxe6 Bxe6 19. Bxb7 Rd8 20. Bxa6 Rxd6 21. Kg2 Qc6+ 22. e4 Qxa6 23. Rhd1 Ke7 24. Qc5 Rh8 25. Qc7+ Bd7 26. Rac1 Rc8 27. Rxd6 Qxd6 28. Qxd6+ Kxd6 29. Rd1+ Ke7 30. Rd2 Be6 31. b3 Rd8 32. Rc2 Rd7 33. Kf3 f5 34. e5 Bd5+ 35. Ke3 Ke6 36. f4 Be4 37. Rc3 Rd1 38. a4 Re1+ 39. Kd4 Rb1 40. Kc4 Rb2 41. a5 Rc2 42. b4 Rxc3+ 43. Kxc3 a6 44. Kc4 Bf3 45. Kc5 Be2 46. Kb6 Bb5 47. Kc5 Be2 48. Kb6 Kd5 49. Kc7 Ke6 50. Kc6 Bb5+ 51. Kc5 g5 52. hxg5 hxg5 53. Kb6 gxf4 54. gxf4 Kd5 55. Kc7 Ke4 56. e6 Kxf4 57. Kd8 Kg5 58. e7 f4 59. e8=Q Bxe8 60. Kxe8 f3 61. b5 f2 62. bxa6 f1=Q 63. a7 Qa6 0-1


[Site "https://www.chess.com"]

[Event "Titled Tuesday Blitz February 21 Early 2023"]
[White "Iljin, Timofey"]
[Black "Pinheiro, Iung Alicio de O."]
[WhiteFideId "14110180"]
[BlackFideId "2104350"]
[WhiteElo "2329"]
[BlackElo "2306"]
[Result "0-1"]
[Round "05"]
[TimeControl "180+2"]
[Date "2023.02.21"]
[WhiteClock "0:00:02"]
[BlackClock "0:00:02"]

1. e4 c5 2. c3 Nf6 3. e5 Nd5 4. d4 cxd4 5. cxd4 d6 6. Nf3 Nc6 7. Bc4 Nb6 8. Bb5 d5 9. O-O Bf5 10. Nc3 e6 11. h3 Be7 12. Be3 Rc8 13. Rc1 a6 14. Bxc6+ Rxc6 15. Qb3 Qd7 16. Nd2 h5 17. a4 O-O 18. a5 Nc4 19. Nxc4 Rxc4 20. Ne2 Rfc8 21. Rxc4 Rxc4 22. Rc1 Qc6 23. Rxc4 dxc4 24. Qc3 h4 25. f3 Bd3 26. Nf4 Bf5 27. Kf2 Qb5 28. Bd2 f6 29. Ne2 fxe5 30. dxe5 Bc5+ 31. Nd4 Qd7 32. Be3 Bd3 33. b3 Qd5 34. bxc4 Bxc4 35. Nc2 Be7 36. Bd4 Bb5 37. Nb4 Qd7 38. Bb6 Kf7 39. Nc2 Bg5 40. Nd4 Be7 41. Qe3 Qd5 42. Qf4+ Kg8 43. Qe4 Qa2+ 44. Kg1 Qa1+ 45. Kh2 Qb2 46. Qxb7 Bf1 47. f4 Bb4 48. Nxe6 Bf8 49. Qc8 Qxg2# 0-1


[Site "https://www.chess.com"]

[Event "Titled Tuesday Blitz February 21 Early 2023"]
[White "Ingebretsen, Jens E"]
[Black "Kaganskiy, Gleb"]
[WhiteFideId "1522965"]
[BlackFideId "4132025"]
[WhiteElo "2342"]
[BlackElo "2205"]
[Result "1-0"]
[Round "05"]
[TimeControl "180+2"]
[Date "2023.02.21"]
[WhiteClock "0:01:24"]
[BlackClock "0:00:13"]

1. d4 Nf6 2. c4 e6 3. Nf3 d5 4. Nc3 c5 5. cxd5 cxd4 6. Qxd4 exd5 7. Bg5 Be7 8. e3 O-O 9. Bd3 Nc6 10. Qh4 Ne4 11. Nxe4 dxe4 12. Qxe4 g6 13. Bxe7 Nxe7 14. Qd4 Qa5+ 15. b4 Qa3 16. Ne5 Bf5 17. O-O Rad8 18. Qc5 Bxd3 19. Nxd3 Nc6 20. b5 Rxd3 21. Qxa3 Rxa3 22. bxc6 bxc6 23. Rfc1 Rb8 24. g3 Rb2 25. Rxc6 Raxa2 26. Rxa2 Rxa2 27. g4 h6 28. h4 Kg7 29. Kg2 Ra4 30. Kg3 Kg8 31. Rc7 Kg7 32. f3 Kg8 33. Rc8+ Kg7 34. Ra8 Ra3 35. Kf4 Ra4+ 36. e4 Ra5 37. Rb8 Kh7 38. Rb7 Kg7 39. Rc7 Kf8 40. Rd7 Kg7 41. Rd8 Rb5 42. Ra8 Ra5 43. Ke3 Ra4 44. Kf2 Kf6 45. Kg2 Kg7 46. Kg3 Kf6 47. Rc8 Kg7 48. Re8 Kf6 49. e5+ Kg7 50. Re7 Kg8 51. Rb7 Kf8 52. Rc7 Kg8 53. Rc3 Kf8 54. f4 Kg8 55. Kf3 Kg7 56. Rb3 Kg8 57. Rb8+ Kg7 58. Rb7 Kg8 59. f5 gxf5 60. gxf5 Kf8 61. h5 Kg8 62. Rc7 Ra3+ 63. Kf4 Ra4+ 64. Kf3 Ra3+ 65. Ke4 Ra4+ 66. Kd5 Ra5+ 67. Kd6 Ra6+ 68. Ke7 Ra5 69. Kf6 Ra6+ 70. e6 fxe6 71. fxe6 Ra1 72. Rc8+ Kh7 73. Kf7 Rf1+ 74. Ke8 Re1 75. e7 Kg7 76. Rc6 a5 77. Rg6+ Kh7 78. Rd6 Kg7 79. Kd8 Kf7 80. Rd2 1-0


[Site "https://www.chess.com"]

[Event "Titled Tuesday Blitz February 21 Early 2023"]
[White "Pourkashiyan, Atousa"]
[Black "Hristodoulou, Panagiotis"]
[WhiteFideId "12502014"]
[BlackFideId "4214340"]
[WhiteElo "2282"]
[BlackElo "2372"]
[Result "0-1"]
[Round "05"]
[TimeControl "180+2"]
[Date "2023.02.21"]
[WhiteClock "0:00:10"]
[BlackClock "0:01:04"]

1. e4 e5 2. Nf3 Nc6 3. Bb5 g6 4. d4 exd4 5. Bg5 Be7 6. Bxe7 Qxe7 7. O-O Qc5 8. Bxc6 dxc6 9. Qxd4 Qxd4 10. Nxd4 Bd7 11. Nc3 O-O-O 12. Rad1 Nh6 13. f3 f6 14. Nb3 b6 15. a4 a5 16. Rd2 Nf7 17. Rfd1 h5 18. Kf2 g5 19. Nd4 Nd6 20. b3 Rhf8 21. Kg1 c5 22. Nde2 c4 23. Nd5 Be6 24. Nd4 Bxd5 25. exd5 Rfe8 26. Nc6 Rd7 27. Kf2 cxb3 28. cxb3 Nb7 29. Na7+ Kb8 30. Nb5 Nc5 31. d6 c6 32. Nd4 Rxd6 33. Nf5 Rxd2+ 34. Rxd2 Kc7 35. Ng7 Rf8 36. Re2 Rf7 37. Ne6+ Nxe6 38. Rxe6 Kd7 39. Re4 Re7 40. Rc4 h4 41. Rc2 Re5 42. Rc4 Rd5 43. f4 b5 44. axb5 cxb5 45. Rc3 g4 46. Ke2 f5 47. h3 a4 48. bxa4 bxa4 49. Ra3 Ra5 50. hxg4 fxg4 51. Kf2 Ke6 52. g3 h3 53. Re3+ Kf5 54. Ra3 Ke4 55. Kg1 Kd4 56. Kh2 Kc4 57. Ra1 a3 58. f5 Kb3 59. Rf1 a2 60. f6 a1=Q 0-1


[Site "https://www.chess.com"]

[Event "Titled Tuesday Blitz February 21 Early 2023"]
[White "Szyszylo, Rafal"]
[Black "Parpiev, Isaak"]
[WhiteFideId "1109626"]
[BlackFideId "34281576"]
[WhiteElo "2091"]
[BlackElo "2167"]
[Result "0-1"]
[Round "05"]
[TimeControl "180+2"]
[Date "2023.02.21"]
[WhiteClock "0:00:26"]
[BlackClock "0:00:14"]

1. e4 e6 2. d4 d5 3. e5 c5 4. c3 Nc6 5. Nf3 Bd7 6. Be2 Nge7 7. Na3 cxd4 8. cxd4 Nf5 9. Nc2 Be7 10. O-O O-O 11. Bd3 f6 12. Bf4 g5 13. exf6 Bxf6 14. Be5 g4 15. Bxf6 Qxf6 16. Ne5 Nxe5 17. dxe5 Qg7 18. Qe2 h5 19. Rae1 Rae8 20. f3 g3 21. Bxf5 gxh2+ 22. Kxh2 Rxf5 23. f4 Ref8 24. Qe3 Qg4 25. g3 h4 26. Rg1 Kf7 27. Nd4 Rh5 28. Kg2 Rg8 29. Kf1 hxg3 30. Nf3 g2+ 31. Ke2 Rh3 32. Kf2 Qg3+ 33. Ke2 Bb5+ 34. Kd2 Qxf3 35. Qc5 Qxf4+ 36. Kc2 Qc4+ 37. Qxc4 Bxc4 38. Re2 Bxe2 0-1


[Site "https://www.chess.com"]

[Event "Titled Tuesday Blitz February 21 Early 2023"]
[White "Mogirzan, Matei-Valeriu"]
[Black "Kubicka, Anna"]
[WhiteFideId "1257455"]
[BlackFideId "1152254"]
[WhiteElo "1813"]
[BlackElo "2240"]
[Result "0-1"]
[Round "05"]
[TimeControl "180+2"]
[Date "2023.02.21"]
[WhiteClock "0:00:01"]
[BlackClock "0:00:10"]

1. e4 c5 2. Nf3 d6 3. d4 cxd4 4. Nxd4 Nf6 5. Nc3 a6 6. Bc4 e6 7. Bg5 Be7 8. Qe2 b5 9. Bb3 O-O 10. O-O-O Qc7 11. g4 Nc6 12. Be3 b4 13. Na4 Nxe4 14. Qc4 Nc5 15. Nxc6 Qxc6 16. Qxb4 Nxb3+ 17. Qxb3 Rb8 18. Qxb8 Qxa4 19. Qb3 Qxg4 20. Rhg1 Qh5 21. Qc3 e5 22. f4 Bg4 23. Rd2 Rc8 24. Qb3 Be6 25. Qd3 Bf5 26. Qxa6 h6 27. Rdg2 g6 28. Qe2 Rxc2+ 29. Qxc2 Bxc2 30. Rxc2 Qf3 31. Re1 Bh4 32. Ree2 Qh1+ 33. Kd2 Qd5+ 34. Kc1 Kg7 35. b4 Bf6 36. Red2 Qh1+ 37. Rd1 Qe4 38. Bf2 Qxf4+ 39. Rdd2 Qxb4 40. Rb2 Qc3+ 41. Rbc2 Qf3 42. a4 e4 43. a5 Qa3+ 44. Kd1 Qxa5 45. Rxd6 Qa1+ 46. Ke2 Qe5 47. Rcd2 Qf4 48. Be3 Qxh2+ 49. Ke1 Qh1+ 50. Ke2 Qf3+ 51. Ke1 Bh4+ 52. Bf2 e3 53. R6d3 Bxf2+ 0-1


[Site "https://www.chess.com"]

[Event "Titled Tuesday Blitz February 21 Early 2023"]
[White "Jimenez, Joaquin"]
[Black "The_Sherman_Variation"]
[WhiteFideId "109860"]
[WhiteElo "2195"]
[BlackElo "2513"]
[Result "0-1"]
[Round "05"]
[TimeControl "180+2"]
[Date "2023.02.21"]
[WhiteClock "0:00:26"]
[BlackClock "0:00:41"]

1. Nf3 Nf6 2. g3 d5 3. Bg2 e6 4. O-O Be7 5. b3 O-O 6. Bb2 c5 7. d4 b6 8. c4 Bb7 9. cxd5 exd5 10. Nc3 Nc6 11. dxc5 bxc5 12. Rc1 Rc8 13. Na4 Na5 14. Bxf6 gxf6 15. Nh4 Qd7 16. Qd2 Rfd8 17. Qxa5 d4 18. Bxb7 Qxb7 19. Nxc5 Qd5 20. b4 f5 21. Ng2 Bg5 22. Rcd1 f4 23. gxf4 Be7 24. e3 Bf6 25. Qa6 Rc6 26. Qd3 Kh8 27. e4 Qh5 28. e5 Be7 29. Ne4 Rg8 30. Ng3 Qh3 31. Rfe1 Rh6 32. Qf5 Qxh2+ 33. Kf1 Bxb4 34. Rxd4 Rxg3 35. fxg3 Qh1+ 36. Kf2 Bxe1+ 37. Nxe1 Rh2+ 38. Ke3 Qxe1+ 39. Kd3 Qb1+ 0-1


[Site "https://www.chess.com"]

[Event "Titled Tuesday Blitz February 21 Early 2023"]
[White "Shapiro, Viktor"]
[Black "Torres Boch, Jose Francisco"]
[WhiteFideId "4175700"]
[BlackFideId "2278383"]
[WhiteElo "2192"]
[BlackElo "2180"]
[Result "1-0"]
[Round "05"]
[TimeControl "180+2"]
[Date "2023.02.21"]
[WhiteClock "0:01:27"]
[BlackClock "0:00:27"]

1. c4 Nf6 2. Nc3 e6 3. g3 d5 4. Bg2 Bb4 5. Nf3 O-O 6. O-O b6 7. d4 Ba6 8. Ne5 c6 9. Qa4 Bxc3 10. bxc3 b5 11. cxb5 Bxb5 12. Qc2 a5 13. a4 Ba6 14. Bg5 h6 15. Bxf6 Qxf6 16. Rab1 Rc8 17. Rfc1 c5 18. Qd2 Nc6 19. Nd7 Qf5 20. Nxc5 Bc4 21. e4 dxe4 22. Bxe4 Qh5 23. Rb6 Ne5 24. Qf4 Ng4 25. h4 e5 26. Qf5 Qxf5 27. Bxf5 1-0


[Site "https://www.chess.com"]